 Dungeon Crawl Stone Soup version 0.31.0-32-g396128a36d (webtiles) character file.

Game seed: 8073440364297870439

980 Doomgape the Shield-Bearer (level 8, 0/45 HPs)
             Began as a Gargoyle Fighter on Mar 27, 2024.
             Was a Follower of Hepliaklqana.
             Incinerated by a bombardier beetle (5 damage)
             ... with a burning spray
             ... on level 4 of the Dungeon.
             The game lasted 00:09:28 (3906 turns).

Doomgape the Shield-Bearer (Gargoyle Fighter)       Turns: 3906, Time: 00:09:29

Health: 0/45       AC: 19    Str: 22    XL:     8   Next: 17%
Magic:  8/8        EV:  8    Int:  5    God:    Hepliaklqana [*.....]
Gold:   144        SH:  5    Dex: 13    Spells: 7/7 levels left

rFire   . . .        a - +1 flail
rCold   . . .        c - +0 buckler
rNeg    + . .        u - +0 chain mail
rPois   ∞            j - +2 helmet
rElec   +            (no cloak)
rCorr   .            (no gloves)
SInv    .            (no boots)
Will    .....        (no amulet) Stlth
                     (no ring)
HPRegen 0.27/turn    (no ring)
MPRegen 0.11/turn

%: no passive effects
@: on fire, glowing
A: reduced essence, sickness immunity, AC +5, negative energy resistance 1,
electricity resistance, torment resistance 1, petrification resistance, agile 1,
dopey 1, no potion heal 1
a: Renounce Religion, Recall Ancestor, Ancestor Identity


You were on level 4 of the Dungeon.
You worshipped Hepliaklqana.
Hepliaklqana was aware of your devotion.
You visited 1 branch of the dungeon, and saw 6 of its levels.

You collected 144 gold pieces.

Inventory:

Hand Weapons
 a - a +1 flail (weapon)
Missiles
 s - 2 throwing nets (quivered)
Armour
 c - a +0 buckler (worn)
 j - a +2 helmet (worn)
 u - a +0 chain mail (worn)
Scrolls
 b - a scroll of enchant armour
 e - a scroll of fog
 f - 3 scrolls of teleportation
 g - 2 scrolls of blinking
 h - a scroll of identify
 l - a scroll of immolation
 n - a scroll of poison
Potions
 d - a potion of might
 i - 2 potions of curing
 k - a potion of enlightenment {unknown}
 m - a potion of degeneration {unknown}
 o - a potion of mutation
 p - a potion of resistance {unknown}
 q - a potion of cancellation {unknown}
 t - a potion of brilliance {unknown}


   Skills:
 + Level 5.9 Fighting
 + Level 4.9 Maces & Flails
 + Level 6.0 Armour
 + Level 6.0 Shields


You had 7 spell levels left.
You didn't know any spells.
Your spell library contained the following spells:

 Spells                   Type           Power      Damage    Failure   Level
 Shock                    Conj/Air       0%         1d3       98%         1
 Mercury Vapours          Alch/Air       0%         N/A       99%         2
 Mephitic Cloud           Conj/Alch/Air  0%         N/A       100%        3
 Swiftness                Air            0%         N/A       100%        3
 Airstrike                Air            0%         2d(0-16)  100%        4
 Freezing Cloud           Conj/Ice/Air   0%         6-21      100%        5


Dungeon Overview and Level Annotations

Branches:
Dungeon (6/15)
 Temple: D:4-7

Altars:
Dithmenos
Elyvilon
Hepliaklqana


Innate Abilities, Weirdness & Mutations

Your life essence is reduced to manifest your ancestor. (-10% HP)
You are immune to sickness and miasma.
Your stone body is resilient. (AC +5)
You are immune to poison.
You resist negative energy. (rN+)
You are resistant to electric shocks. (rElec)
You are resistant to unholy torment.
You are immune to petrification.
You are agile. (Dex +4, Str/Int -1)
You are dopey. (Int -2)
Potions are less effective at restoring your health.


Message History

You barely miss the bombardier beetle.
The bombardier beetle is lightly wounded.
The liquid fire burns you!
The bombardier beetle sprays incendiary fluid at you.
The burning spray hits you.
You are even more covered in liquid fire!
You sock the bombardier beetle!
The bombardier beetle is severely wounded.
The liquid fire burns you!
You barely miss the bombardier beetle.
The bombardier beetle is severely wounded.
The liquid fire burns you!
The bombardier beetle bites you but does no damage.
You hit the bombardier beetle.
The bombardier beetle is severely wounded.
The liquid fire burns you!
The bombardier beetle barely misses you.
You sock the bombardier beetle!
You kill the bombardier beetle!
The liquid fire burns you!
* * * LOW HITPOINT WARNING * * *
Your Armour skill increases to level 6!
You shake off some of the fire as you move.
The liquid fire burns you!
* * * LOW HITPOINT WARNING * * *
You see here a bombardier beetle corpse.
You are on fire!
You are on fire!
You swap places.
You shake off some of the fire as you move.
The liquid fire burns you!
* * * LOW HITPOINT WARNING * * *
You feel better. The liquid fire burns you!
* * * LOW HITPOINT WARNING * * *
It was a potion of mutation.
You feel extremely strange.
Your system partially rejects the healing effects of potions.
You feel stupid.
You feel agile. The liquid fire burns you!
You die...

## #.# # #.#
...##.############.# ##
#.....R@....)))..## #.#
#..##.############.###.#
# ##.#.# #.# ##(# #.#
#.# #.# #.# #.# #.# .#
#.# #.# .# #.# #.#


You could see the friendly Glasha the ancestor.

Vanquished Creatures
  Sigmund (D:5)
  Eustachio (D:4)
  An ice beast (D:5)
  An ogre (D:5)
  Blork the orc (D:4)
  2 scorpions
  2 bombardier beetles
  A hound (D:5)
  An orc wizard (D:5)
  3 iguanas
  Robin (D:2)
  An adder (D:2)
  3 gnolls (D:4)
  A white imp (D:5)
  2 dart slugs
  A ribbon worm (D:5)
  6 orcs
  5 ball pythons
  4 endoplasms
  2 giant cockroaches (D:2)
  15 goblins
  7 hobgoblins
  4 jackals (D:1)
  3 kobolds
  3 quokkas (D:1)
  4 frilled lizards
  A rat (D:2)
77 creatures vanquished.

Vanquished Creatures (collateral kills)
  3 orcs
3 creatures vanquished.

Grand Total: 80 creatures vanquished

Notes
Turn   | Place    | Note
-------+----------+-------------------------------------------
     0 | D:1      | Doomgape the Gargoyle Fighter began the quest for the Orb.
     0 | D:1      | Reached XP level 1. HP: 14/14 MP: 1/1
   156 | D:1      | Reached XP level 2. HP: 8/19 MP: 2/2
   635 | D:1      | Reached XP level 3. HP: 23/23 MP: 3/3
  1095 | D:2      | Noticed Robin
  1126 | D:2      | Killed Robin
  1144 | D:2      | Reached XP level 4. HP: 27/29 MP: 4/4
  1997 | D:3      | Found a hazy altar of Hepliaklqana.
  2002 | D:3      | Became a worshipper of Hepliaklqana the Forgotten
  2231 | D:3      | Found a white marble altar of Elyvilon.
  2234 | D:3      | You fall into a shaft and drop 2 floors!
  2234 | D:5      | Entered Level 5 of the Dungeon
  2312 | D:5      | Reached XP level 5. HP: 31/33 MP: 5/5
  2359 | D:5      | Reached * piety under Hepliaklqana
  2410 | D:5      | Reached XP level 6. HP: 16/35 MP: 6/6
  2657 | D:5      | Noticed Sigmund
  2667 | D:5      | Killed Sigmund
  2668 | D:5      | Reached skill level 5 in Fighting
  2668 | D:5      | Reached skill level 5 in Armour
  2668 | D:5      | Reached skill level 5 in Shields
  2723 | D:5      | Reached XP level 7. HP: 29/39 MP: 7/7
  3438 | D:4      | Noticed Eustachio
  3463 | D:4      | Killed Eustachio
  3603 | D:4      | Found a shadowy altar of Dithmenos.
  3640 | D:4      | Reached XP level 8. HP: 34/45 MP: 8/8
  3867 | D:4      | Noticed Blork the orc
  3876 | D:4      | Killed Blork the orc
  3906 | D:4      | Gained mutation: Potions are less effective at restoring
                  | your health. [potion of mutation]
  3906 | D:4      | Gained mutation: You are dopey. (Int -2) [potion of
                  | mutation]
  3906 | D:4      | Gained mutation: You are agile. (Dex +4, Str/Int -1)
                  | [potion of mutation]
  3906 | D:4      | Incinerated by a bombardier beetle

Illustrated notes

Levels and vault maps discovered:
D:1:      saegor_arrival_simple_c, layout_loops_ring,
          nicolae_figureground_sparkle
D:2:      layout_basic, uniq_robin
D:3:      layout_basic, nicolae_overflow_crystal_walls,
          mainiacjoe_overflow_catch_the_wave, hangedman_decor_diamond_cutter,
          uniq_jessica
D:4:      layout_loops_ring, nicolae_ru_path_of_blood,
          nicolae_dithmenos_through_a_glass_darkly, skrybe_limestone_x,
          uniq_blork_the_orc, uniq_eustachio
D:5:      layout_gridville, uniq_sigmund
D:6:      layout_loops_ring, nicolae_wu_jian_immortal_techniques,
          minmay_temple_entry_glassed_door

Skill      XL: |  1  2  3  4  5  6  7  8 |
---------------+-------------------------+-----
Armour         | 4 5 6 |  6.0
Fighting       | 4 5 |  5.9
Shields        | 4 5 6 |  6.0
Maces & Flails | 3 4 |  4.9

Action                     |  1- 3 |  4- 6 |  7- 9 || total
---------------------------+-------+-------+-------++-------
  Melee: Flail             |   116 |    80 |    71 ||   267
 Invoke: Ancestor Identity |       |     1 |       ||     1
         Recall Ancestor   |       |       |     1 ||     1
    Use: Scroll            |     3 |     2 |     5 ||    10
         Potion            |       |       |     2 ||     2
   Stab: Distracted        |       |       |     1 ||     1
 Armour: Scale mail        |    85 |    56 |       ||   141
         Chain mail        |       |       |    66 ||    66
  Dodge: Dodged            |    48 |    41 |    26 ||   115
  Block: Buckler           |    29 |    13 |    14 ||    56
